 Dungeon Crawl Stone Soup version 0.17-a0-1150-g17b0b87 (webtiles) character file.

210 NekoKawashu the Ruffian (level 5, -2/53 HPs)
             Began as a Troll Monk on May 27, 2015.
             Slain by a shadow imp (4 damage)
             ... on level 5 of the Dungeon.
             The game lasted 00:07:38 (1670 turns).

NekoKawashu the Ruffian (Troll Monk)                Turns: 1670, Time: 00:07:39

Health: -2/53      AC:  5    Str: 19    XL:     5   Next: 57%
Magic:  4/4        EV: 11    Int:  6    God:
Gold:   100        SH:  0    Dex: 13    Spells: 0 memorised, 4 levels left

rFire  . . .     SeeInvis .       - Unarmed
rCold  . . .     Clarity  .     a - +0 robe
rNeg   . . .     SustAt   .     (no shield)
rPois  +         Gourm    +     (helmet restricted)
rElec  .         Spirit   .     (no cloak)
rCorr  .         Warding  .     (gloves unavailable)
rMut   .         Stasis   .     (boots unavailable)
MR     .....                    (no amulet)
Stlth  ++........               (no ring)
                                e - ring of poison resistance

@: not resistant to hostile enchantments, unstealthy
A: unfitting armour, claws 3, fast metabolism 3, gourmand, regeneration 2,
shaggy fur 1, tough skin 2
a: no special abilities


You were on level 5 of the Dungeon.
You were near starving.

You visited 1 branch of the dungeon, and saw 5 of its levels.

You collected 100 gold pieces.

Inventory:

Hand weapons
 r - a +4 dagger
Missiles
 c - 18 arrows of dispersal
Armour
 a - a +0 robe (worn)
 j - a +0 helmet
 o - a +0 buckler
Jewellery
 e - a ring of poison resistance (left claw)
Scrolls
 g - a scroll of immolation {unknown}
 h - a scroll of blinking {unknown}
 i - 2 scrolls of identify {unknown}
 q - a scroll of remove curse {unknown}
Potions
 f - 3 potions of lignification {unknown}
 l - a potion of mutation {unknown}
 n - a potion of resistance {unknown}
Comestibles
 b - 2 bread rations
 d - 3 meat rations
 k - 2 fruits
 p - a beef jerky


   Skills:
 + Level 3.0 Fighting
 + Level 3.8 Dodging
 + Level 1.4 Stealth
 + Level 5.1 Unarmed Combat


You had 4 spell levels left.
You didn't know any spells.

Dungeon Overview and Level Annotations

Branches:
Dungeon (5/15)
 Temple: D:4-7

Altars:
Cheibriados
Gozag
Trog
Yredelemnul
The Shining One


Innate Abilities, Weirdness & Mutations

You are too large for most types of armour.
You have claws for hands.
Your metabolism is lightning-fast.
You like to eat raw meat.
You heal very quickly.
You are covered in fur (AC +1).
You have very tough skin (AC +2).


Message History

You closely miss the adder.
The adder is moderately wounded.
The shadow imp misses you. The adder bites you but does no damage.
The orc zombie barely misses you.
You closely miss the adder.
The adder is moderately wounded.
The adder bites you. The shadow imp barely misses you.
You claw the adder!
You kill the adder!
The orc zombie hits you from afar with a trident.
The shadow imp gestures at you. Pain shoots through your body!
* * * LOW HITPOINT WARNING * * *
You claw the iguana!
The iguana begins to bleed from its wounds!
The iguana is severely wounded.
The iguana bites you!
* * * LOW HITPOINT WARNING * * *
The shadow imp hits you.
You die...

#.# #.# #### #.# ...# #.#
...# #.# ...# # #.#
...##.# #.# ......#
#####†############o.....#
................@lZ......
...##+###........5.......
.. .........[...#####.# .
..............#
...............#
.........#+#####
.........# .####..#.#


You could see an iguana (bleeding), a shadow imp, an orc and an orc zombie.

Vanquished Creatures
  An orc priest (D:3)
  9 adders
  4 gnolls (D:2)
  A worm (D:3)
  9 orcs
  A ball python (D:1)
  2 giant cockroaches
  5 goblins
  5 hobgoblins
  3 bats
  A giant newt (D:3)
  5 jackals (D:1)
  6 kobolds
  4 rats
56 creatures vanquished.

Notes
Turn   | Place    | Note
--------------------------------------------------------------
     0 | D:1      | NekoKawashu the Troll Monk began the quest for the Orb.
     0 | D:1      | Reached XP level 1. HP: 22/22 MP: 0/0
   169 | D:1      | Reached XP level 2. HP: 29/29 MP: 1/1
   608 | D:2      | Reached XP level 3. HP: 36/36 MP: 2/2
   772 | D:2      | Reached XP level 4. HP: 18/44 MP: 3/3
  1122 | D:3      | Reached skill level 5 in Unarmed Combat
  1122 | D:3      | Reached XP level 5. HP: 31/52 MP: 4/4
  1187 | D:3      | Found an opulent altar of Gozag.
  1501 | D:4      | Found a bloodstained altar of Trog.
  1529 | D:4      | Found a glowing golden altar of the Shining One.
  1531 | D:4      | Found a snail-covered altar of Cheibriados.
  1560 | D:4      | Found a basalt altar of Yredelemnul.
  1628 | D:5      | Entered Level 5 of the Dungeon
  1670 | D:5      | HP: 2/53 [iguana (7)]
  1670 | D:5      | Slain by a shadow imp

Vault maps used:
D:1:      wheals_arrival_linesprint, hangedman_feature_mirror
D:3:      nicolae_gozag_cash_rules_everything_around_me
D:4:      nicolae_overflow_hidden_temple, serial_shops, shop,
          nicolae_shop_behind_doors
D:5:      minmay_temple_entry_poolview, first_bread, basic_altar

Action                   |  1- 3 |  4- 6 || total
-------------------------+-------+-------++-------
Melee: Unarmed           |    69 |    96 ||   165
 Stab: Sleeping          |     1 |       ||     1
  Eat: Bread ration      |     1 |       ||     1
       Chunk             |     1 |       ||     1
       Meat ration       |       |     1 ||     1
